 Dungeon Crawl Stone Soup version 0.13-a0-2156-ga9a2eb8 (webtiles) character file.

331 Grabo the Insei (level 5, -3/40 HPs)
             Began as a Draconian Transmuter on June 30, 2013.
             Slain by an iguana (7 damage)
             ... on Level 4 of the Dungeon.
             The game lasted 00:06:34 (3006 turns).

Grabo the Insei (Draconian Transmuter)              Turns: 3006, Time: 00:06:35

HP  -3/40        AC  6     Str 12      XL: 5   Next: 42%
MP   4/7         EV 12     Int 14      God:
Gold 140         SH  0     Dex 13      Spells:  2 memorised,  4 levels left

Res.Fire  : . . .   See Invis. : .     - Unarmed
Res.Cold  : . . .   Warding    : .   (armour unavailable)
Life Prot.: . . .   Conserve   : .   (no shield)
Res.Poison: +       Res.Corr.  : +   (helmet restricted)
Res.Elec. : .       Clarity    : .   (no cloak)
Sust.Abil.: . .     Spirit.Shd : .   k - +0 pair of gauntlets
Res.Mut.  : .       Stasis     : .   (no boots)
Res.Rott. : .       Flight     : .   B - amulet of resist corrosion
Saprovore : . . .                    v - ring of poison resistance {unknown}
                                     o - +1 ring of intelligence

@: very slightly contaminated, slightly resistant to hostile enchantments,
unstealthy
A: unfitting armour, AC +5
a: no special abilities


You were on level 4 of the Dungeon.
You were very hungry.

You visited 1 branch of the dungeon, and saw 4 of its levels.

You collected 120 gold pieces.

Inventory:

Missiles
 b - 42 arrows
 i - 15 stones (quivered)
 r - 13 arrows of frost
 t - 2 poisoned darts
Armour
 k - a +0 pair of gauntlets (worn)
Magical devices
 y - a wand of lightning (6)
Comestibles
 a - 4 bread rations
 g - a lychee
 q - a meat ration
 s - a sausage
 u - a lemon
Scrolls
 e - 2 scrolls of remove curse {unknown}
 j - a scroll of enchant armour {unknown}
 m - 2 scrolls of teleportation {unknown}
 p - a scroll of magic mapping
 w - a scroll of enchant weapon I {unknown}
 A - a scroll of random uselessness {unknown}
 C - a scroll of curse weapon {unknown}
 D - a scroll of recharging {unknown}
Jewellery
 o - a +1 ring of intelligence (left hand)
 v - a ring of poison resistance (right hand) {unknown}
 B - an amulet of resist corrosion (around neck)
Potions
 c - 4 potions of curing
 f - a potion of heal wounds {unknown}
 h - 2 potions of might
 l - a potion of restore abilities
 n - a potion of speed {unknown}
 x - a potion of invisibility {unknown}
Books
 d - a book of Changes

   Spells                             Type                      Level
   *Beastly Appendage                 Transmutation                1
   Sticks to Snakes                   Transmutation                2
   *Spider Form                       Transmutation/Poison         3
   Ice Form                           Ice/Transmutation            4
   Blade Hands                        Transmutation                5


   Skills:
 - Level 1.1 Fighting
 - Level 1.7 Dodging
 + Level 4.8 Unarmed Combat
 - Level 2.0 Spellcasting
 + Level 4.2 Transmutations


You had 4 spell levels left.
You knew the following spells:

 Your Spells              Type           Power        Failure   Level  Hunger
a - Beastly Appendage     Trmt           ##....       4%          1    ##.....
b - Spider Form           Trmt/Pois      #.........   30%         3    ####...


Dungeon Overview and Level Annotations

Branches:
Dungeon (4/27)
 Temple: D:4-7

Altars:
Sif Muna
the Shining One


Message History

The iguana is moderately wounded.
You completely miss the iguana.
The iguana is moderately wounded.
Your horns disappear.
The iguana misses you.
You hit the iguana.
The iguana is heavily wounded.
The iguana barely misses you.
You hit the iguana.
The iguana is severely wounded.
The iguana bites you!
* * * LOW HITPOINT WARNING * * *
Casting: Beastly Appendage
Confirm with . or Enter, or press ? or * to list all spells.
You miscast Spider Form.
You are very lightly contaminated with residual magic.
You feel faint for a moment.
You are feeling very hungry.
The iguana bites you!
You die...

#+#####
#......#
#......#
#......#
#......+
#.....l#
#.....@#
#......#
#......#
#......#
#......#
##+#####


You could see an iguana.

Vanquished Creatures
  A scorpion (D:4)
  3 adders (D:2)
  3 gnolls
  A giant mite (D:3)
  2 worms
  3 oozes
  9 orcs (D:3)
  6 bats
  6 giant cockroaches
  11 hobgoblins
  10 jackals (D:3)
  A quokka (D:2)
  A ball python (D:3)
  3 giant geckos
  A giant newt (D:2)
  9 goblins
  4 kobolds
  4 rats
78 creatures vanquished.

Notes
Turn   | Place    | Note
--------------------------------------------------------------
     0 | D:1      | Grabo, the Draconian Transmuter, began the quest for the Orb.
     0 | D:1      | Reached XP level 1. HP: 16/16 MP: 1/1
   289 | D:1      | Reached XP level 2. HP: 1/23 MP: 0/3
   942 | D:1      | Reached XP level 3. HP: 23/28 MP: 4/4
  1517 | D:2      | Found a deep blue altar of Sif Muna.
  1836 | D:2      | Learned a level 3 spell: Spider Form
  1901 | D:2      | Reached skill level 4 in Unarmed Combat
  1901 | D:2      | Reached XP level 4. HP: 22/35 MP: 6/6
  2352 | D:3      | Reached XP level 5. HP: 18/40 MP: 7/7
  2857 | D:3      | Found a glowing golden altar of the Shining One.
  3006 | D:4      | Slain by an iguana

Action                   |  1- 3 |  4- 6 || total
-------------------------+-------+-------++-------
Melee: Unarmed           |   206 |   141 ||   347
Throw: Stone             |       |     1 ||     1
 Cast: Beastly Appendage |     3 |     5 ||     8
       Spider Form       |       |     1 ||     1
Evoke: Wand              |       |     1 ||     1
  Use: Scroll            |     5 |     1 ||     6
 Stab: Sleeping          |     1 |       ||     1
